 Dungeon Crawl Stone Soup version 0.31-a0-8-gd14b0f4ee2 (webtiles) character file.

Game seed: 742594770626633434

16 Morbidden the Conjurer (level 2, 20/20 HPs)
             Began as a Barachi Conjurer on May 7, 2023.
             Was a Follower of Elyvilon.
             Quit the game on level 1 of the Dungeon.
             The game lasted 00:01:00 (561 turns).

Morbidden the Conjurer (Barachi Conjurer)            Turns: 561, Time: 00:01:01

Health: 20/20      AC:  2    Str:  8    XL:     2   Next: 58%
Magic:  3/5        EV: 12    Int: 18    God:    Elyvilon [*.....]
Gold:   42         SH:  0    Dex: 10    Spells: 2/5 levels left

rFire   . . .        (no weapon)
rCold   . . .        (no shield)
rNeg    . . .        a - +0 robe
rPois   .            (no helmet)
rElec   .            (no cloak)
rCorr   .            (no gloves)
SInv    +            (no boots)
Will    .....        (no amulet)
Stlth   ++           c - ring of see invisible
HPRegen 0.23/turn    f - ring of flight
MPRegen 0.09/turn

%: no passive effects
@: flying, slow
A: amphibious, slowness 1, strong legs 1, +LOS
a: Hop, Renounce Religion, Purification


You were on level 1 of the Dungeon.
You worshipped Elyvilon.
Elyvilon was aware of your devotion.
You visited 1 branch of the dungeon, and saw 1 of its levels.

You collected 42 gold pieces.

Inventory:

Armour
 a - a +0 robe (worn)
Jewellery
 c - a ring of see invisible (left hand)
 f - a ring of flight (right hand)
Scrolls
 d - a scroll of butterflies {unknown}
 e - a scroll of brand weapon {unknown}
Potions
 b - a potion of magic
 g - a potion of attraction {unknown}


   Skills:
 * Level 0.4 Fighting
 * Level 0.4 Armour
 * Level 2.2 Dodging
 + Level 1.7 Stealth
 * Level 2.1 Spellcasting
 * Level 5.0 Conjurations


You had 2 spell levels left.
You knew the following spells:

 Your Spells              Type           Power      Damage    Failure   Level
a - Magic Dart            Conj           80%        1d7       2%          1
b - Searing Ray           Conj           40%        2d5       3%          2

Your spell library contained the following spells:

 Spells                   Type           Power      Damage    Failure   Level
 Dazzling Flash           Conj/Hex       20%        N/A       19%         3
 Fulminant Prism          Conj/Hex       5%         3d7       54%         4
 Iskenderun's Mystic Bla  Conj/Tloc      10%        2d4       54%         4


Dungeon Overview and Level Annotations

Branches:
Dungeon (1/15)

Altars:
Elyvilon


Innate Abilities, Weirdness & Mutations

You are amphibious.
You cover ground slowly.
You can hop short distances.
You have an extended range of vision and can be seen from far away.


Message History

Confirm with . or Enter, or press ? or * to list all spells.
You can't see any susceptible monsters within range! (Use Z to cast anyway.)
Found a pair of gloves.
Casting: Magic Dart (safe; 2% risk of failure)
Confirm with . or Enter, or press ? or * to list all spells.
You can't see any susceptible monsters within range! (Use Z to cast anyway.)
Found a faded altar of an unknown god.
Casting: Magic Dart (safe; 2% risk of failure)
Confirm with . or Enter, or press ? or * to list all spells.
You can't see any susceptible monsters within range! (Use Z to cast anyway.)
There is a faded altar of an unknown god here.
A dart slug comes into view.
Casting: Magic Dart (safe; 2% risk of failure)
Confirm with . or Enter, or press ? or * to list all spells.
Aiming: Magic Dart (safe; 2% risk of failure)
Press: ? - help, Shift-Dir - straight line, f - dart slug
Aim: a dart slug (asleep, 100% to hit)
The magic dart hits the dart slug.
The dart slug is heavily wounded.
A dart slug is nearby!
Casting: Magic Dart (safe; 2% risk of failure)
Confirm with . or Enter, or press ? or * to list all spells.
Aiming: Magic Dart (safe; 2% risk of failure)
Press: ? - help, Shift-Dir - straight line, f/p - dart slug
Aim: a dart slug (heavily wounded, 100% to hit)
The magic dart hits the dart slug.
The dart slug is almost dead.
The dart slug launches a dart at you.
The slug dart hits you but does no damage.
Unknown command.
There is a faded altar of an unknown god here.
You can't go up here!
There is a faded altar of an unknown god here.
This altar belongs to (a) Sif Muna, (b) Elyvilon or (c) Hepliaklqana, but you can't tell which.
Press the corresponding letter to learn more about a god, or press enter to convert or escape to cancel.
Elyvilon accepts your prayer! Elyvilon welcomes you!
You can now purify yourself.
Unknown command.
Press < or > to pray at altars.
Are you sure you want to abandon this character and quit the game? (Confirm with "yes".)

....[................#
.....................#
#...#....#........... ##.
##..###.......... ##..#
##..#...........
#....###...............
#...#...#.[.........#
#.....###...####.#.#
##.@.## ##..# #.#..
##.....# ...####.#..
#$..#...# .........
#.......###.......######..
#####.w## ##..#.# ######..
##. #..## # #....... #.
.##...#####.####.#
#..........#...# #...
.w...........#####..#


You could see a dart slug.

Vanquished Creatures
  5 endoplasms (D:1)
  2 goblins (D:1)
  A hobgoblin (D:1)
  3 ball pythons (D:1)
  3 bats (D:1)
  A kobold (D:1)
  A rat (D:1)
16 creatures vanquished.

Notes
Turn   | Place    | Note
-------+----------+-------------------------------------------
     0 | D:1      | Morbidden the Barachi Conjurer began the quest for the Orb.
     0 | D:1      | Reached XP level 1. HP: 13/13 MP: 3/3
   198 | D:1      | Reached XP level 2. HP: 18/19 MP: 1/5
   464 | D:1      | Reached skill level 5 in Conjurations
   536 | D:1      | Learned a level 2 spell: Searing Ray
   543 | D:1      | Found a faded altar of an unknown god.
   560 | D:1      | Prayed at the altar of an unknown god.
   560 | D:1      | Became a worshipper of Elyvilon the Healer
   560 | D:1      | Reached * piety under Elyvilon
   561 | D:1      | Quit the game

Illustrated notes

Levels and vault maps discovered:
D:1:      wander_arrival_chamber, layout_rooms,
          nicolae_ecumenical_snake_handling

Skill      XL: |  1  2 |
---------------+-------+-----
Conjurations   | 5 |  5.0
Fighting       | |  0.4
Armour         | |  0.4
Dodging        | |  2.2
Stealth        | |  1.7
Spellcasting   | |  2.1

Action                     || total
---------------------------++-------
  Melee: Unarmed           ||    39
   Cast: Magic Dart        ||    31
Ability: Hop               ||     1
 Armour: Robe              ||    30
  Dodge: Dodged            ||    62

Table legend: (Time is in decaauts)
 A = Elapsed time spent in this place.
 B = Non-inter-level travel time spent in this place.
 C = Inter-level travel time spent in this place.
 D = Time resting spent in this place.
 E = Time spent auto-exploring this place.
 F = Levels seen in this place.
 G = Mean time per level.
                   A        B        C        D        E       F      G
               +--------+--------+--------+--------+--------+-----+--------+
         Total |    600 |    600 |      0 |      0 |    453 |   1 |  600.0 |
       Dungeon |    600 |    600 |      0 |      0 |    453 |   1 |  600.0 |
               +--------+--------+--------+--------+--------+-----+--------+

Top non-repeatable levels by time:
     D:1: 600 daAuts
